 Dungeon Crawl Stone Soup version 0.30-a0-913-g9934a0ce24 (webtiles) character file.

Game seed: 13637842867783333288

363 gelatine the Chopper (level 6, -5/47 HPs)
             Began as a Demonspawn Gladiator on Mar 19, 2023.
             Slain by a gnoll bouda
             ... wielding a +0 whip
              (6 damage)
             ... on level 4 of the Dungeon.
             The game lasted 00:06:48 (2520 turns).

gelatine the Chopper (Demonspawn Gladiator)         Turns: 2520, Time: 00:06:49

Health: -5/47      AC:  5    Str: 17    XL:     6   Next: 39%
Magic:  0/7        EV: 13    Int: 15    God:
Gold:   199        SH:  0    Dex: 18    Spells: 6/6 levels left

rFire   + . .      SeeInvis .    a - +0 war axe
rCold   . . .      Faith    .    (no shield)
rNeg    . . .      Spirit   +    q - +2 leather armour of Focus {Harm rF+}
rPois   .          Reflect  .    (helmet restricted)
rElec   .          Rampage  .    (no cloak)
rCorr   .          Harm     + .  (no gloves)
Will    .....                    (no boots)
Stlth   ++++                     f - amulet of guardian spirit
HPRegen 0.27/turn                r - +6 ring of intelligence
MPRegen 0.10/turn                (no ring)

@: weakened
A: antennae 1, thin skeletal structure 2, spiny 2
a: no special abilities


You were on level 4 of the Dungeon.
You visited 1 branch of the dungeon, and saw 4 of its levels.

You collected 199 gold pieces.

Inventory:

Hand Weapons
 a - a +0 war axe (weapon)
Armour
 b - a +0 leather armour
 c - a +0 helmet
 q - the +2 leather armour of Focus (worn) {Harm rF+}
   (You found it on level 3 of the Dungeon)

   rF:        It protects you from fire.
   Harm:      It increases damage dealt and taken.
Jewellery
 f - an amulet of guardian spirit (around neck)
 r - a +6 ring of intelligence (left hand)
Scrolls
 g - 2 scrolls of blinking {unknown}
 h - 2 scrolls of amnesia {unknown}
 j - 4 scrolls of identify {unknown}
 k - 5 scrolls of teleportation {unknown}
 l - 3 scrolls of vulnerability {unknown}
 o - 4 scrolls of noise {unknown}
 u - a scroll of torment {unknown}
Potions
 d - a potion of mutation {unknown}
 m - 2 potions of haste {unknown}
 n - 6 potions of curing {unknown}
 p - a potion of might {unknown}
 s - 2 potions of lignification {unknown}
 t - a potion of invisibility {unknown}
 v - a potion of attraction {unknown}


   Skills:
 * Level 3.1 Fighting
 + Level 4.0 Axes
 + Level 2.9 Throwing
 * Level 2.1 Armour
 * Level 3.8 Dodging
 + Level 0.8 Stealth
 * Level 0.9 Spellcasting


You had 6 spell levels left.
You didn't know any spells.
Your spell library contained the following spells:

 Spells                   Type           Power      Damage    Failure   Level
 Shock                    Conj/Air       0%         1d3       30%         1
 Frozen Ramparts          Ice            0%         1d1       65%         3
 Swiftness                Air            0%         N/A       65%         3
 Airstrike                Air            0%         2d(0-16)  96%         4
 Ice Form                 Ice/Tmut       0%         N/A       96%         4
 Summon Ice Beast         Ice/Summ       0%         N/A       96%         4


Dungeon Overview and Level Annotations

Branches:
Dungeon (4/15)
 Temple: D:4-7

Altars:
Gozag
Uskayaw
Vehumet


Innate Abilities, Weirdness & Mutations

You have a pair of small antennae on your head.
You have a moderately thin skeletal structure. (Dex +4, Stealth++)
You are mostly covered in sharp spines.


Message History

You kill the gnoll!
The gnoll misses you.
You slash the gnoll bouda!
The gnoll bouda is heavily wounded.
The gnoll bouda closely misses you. The gnoll misses you.
The gnoll bouda gazes fiercely through you!
You feel as though you will be weak longer.
The gnoll bouda closely misses you.
You hit the gnoll bouda but do no damage.
The gnoll bouda is heavily wounded.
You hit the gnoll. The gnoll is struck by your spines.
The gnoll hits you with a +0 flail!
The gnoll hits you from afar with a +0 halberd!
The gnoll bouda is struck by your spines.
The gnoll bouda hits you with a +0 whip.
The gnoll hits you with a +0 flail.
* * * LOW HITPOINT WARNING * * *
You hit the gnoll bouda but do no damage.
The gnoll bouda is heavily wounded.
You hit the gnoll.
You kill the gnoll!
The gnoll closely misses you. The gnoll bouda barely misses you.
The gnoll closely misses you.
Your Axes skill increases to level 4!
You completely miss the gnoll bouda.
The gnoll bouda is heavily wounded.
The gnoll bouda is struck by your spines.
The gnoll bouda closely misses you. The gnoll barely misses you.
Unknown command.
The gnoll bouda is struck by your spines.
The gnoll bouda misses you. The gnoll barely misses you.
You slash the gnoll!
The gnoll is severely wounded.
You hit the gnoll bouda.
The gnoll bouda hits you with a +0 whip.
* * * LOW HITPOINT WARNING * * *
The gnoll hits you with a +0 halberd!
* * * LOW HITPOINT WARNING * * *
The gnoll bouda hits you with a +0 whip.
You die...

.######.......#..#.
.######...........
.....)........#..#
.#######......#..#
.####.........#..#
.................#
.####.##.#.##.#))##########
#####.##......).g.(.(.....§
##..............@g.((.^(§.§
⌠####.###.#.>.##.##.#### .#
#.# #.###.....#.# .#
#.###.# #.##..#.# .#
#.....# ####..#.# ##
#####.# #..#.###### #.#
#........... #.#
#..#.####### #.# #..#.#


You could see a gnoll bouda and a gnoll (swift).

Vanquished Creatures
  A phantom (D:2)
  A scorpion (D:4)
  A hound (D:4)
  8 gnolls
  2 adders (D:2)
  3 worms (D:2)
  3 dart slugs
  6 orcs (D:4)
  10 ball pythons
  3 bats
  4 endoplasms
  2 giant cockroaches
  8 hobgoblins
  2 jackals (D:2)
  5 kobolds
  4 quokkas
  6 frilled lizards
  6 goblins
  5 rats
80 creatures vanquished.

Vanquished Creatures (others)
  2 fungi (D:1)
2 creatures vanquished.

Grand Total: 82 creatures vanquished

Notes
Turn   | Place    | Note
-------+----------+-------------------------------------------
     0 | D:1      | gelatine the Demonspawn Gladiator began the quest for the
                  | Orb.
     0 | D:1      | Reached XP level 1. HP: 16/16 MP: 1/1
    67 | D:1      | Gained mutation: You are partially covered in sharp spines.
                  | [demonic ancestry]
    67 | D:1      | Reached XP level 2. HP: 22/22 MP: 2/2
    72 | D:1      | Found a faded altar of an unknown god.
   433 | D:1      | Reached skill level 3 in Axes
   616 | D:2      | Noticed a phantom
   632 | D:2      | Killed a phantom
   633 | D:2      | Reached skill level 1 in Armour
   633 | D:2      | Gained mutation: You have a somewhat thin skeletal
                  | structure. (Dex +2, Stealth+) [demonic ancestry]
   633 | D:2      | Reached XP level 3. HP: 13/28 MP: 3/3
   633 | D:2      | Gained mutation: You have a pair of small antennae on your
                  | head. [demonic ancestry]
   633 | D:2      | Reached XP level 4. HP: 16/34 MP: 4/4
   848 | D:2      | Gained mutation: You have a moderately thin skeletal
                  | structure. (Dex +4, Stealth++) [demonic ancestry]
   848 | D:2      | Reached XP level 5. HP: 35/39 MP: 5/5
  1209 | D:3      | Found a hide-covered altar of Uskayaw.
  1209 | D:3      | Noticed a +0 short sword
  1209 | D:3      | Noticed a +0 spear
  1209 | D:3      | Noticed a +0 falchion
  1460 | D:3      | Identified the +2 leather armour of Focus {Harm rF+}
  1693 | D:3      | Noticed a +0 falchion
  1698 | D:3      | Noticed a +0 spear
  1698 | D:3      | Noticed a +0 dagger
  1699 | D:3      | Noticed a +0 short sword
  1699 | D:3      | Noticed a +0 dagger
  1892 | D:4      | Found an opulent altar of Gozag.
  1973 | D:4      | Gained mutation: You are mostly covered in sharp spines.
                  | [demonic ancestry]
  1973 | D:4      | Reached XP level 6. HP: 39/47 MP: 5/7
  2277 | D:4      | Found a radiant altar of Vehumet.
  2518 | D:4      | Reached skill level 4 in Axes
  2520 | D:4      | HP: 1/47 [gnoll/+0 halberd[a gnoll bouda] (8)]
  2520 | D:4      | Slain by a gnoll bouda

Illustrated notes

Levels and vault maps discovered:
D:1:      tarquinn_simple_flora_water_d, layout_loops_cross,
          ebering_ecumenical_altar_ruins, minmay_tromino_i4
D:2:      layout_rooms, minmay_between
D:3:      layout_rooms, nicolae_uskayaw_en_pointe, grunt_ministairs_4,
          minivault_27, fountainhead, chequers_mini_garden, nrook_mini_backslash
D:4:      layout_basic, grunt_gozag_statues, mainiacjoe_overflow_alcove_2

Skill      XL: |  1  2  3  4  5  6 |
---------------+-------------------+-----
Dodging        | 3 |  3.8
Axes           | 3 4 |  4.0
Throwing       | 2 |  2.9
Armour         | 1 2 |  2.1
Fighting       | 3 |  3.1
Stealth        | |  0.8
Spellcasting   | |  0.9

Action                     |  1- 3 |  4- 6 || total
---------------------------+-------+-------++-------
  Melee: War axe           |    37 |    64 ||   101
         Punch             |       |     1 ||     1
  Throw: Boomerang         |    20 |    48 ||    68
         Dart              |       |    54 ||    54
         Throwing net      |       |     6 ||     6
         Javelin           |       |     4 ||     4
   Stab: Sleeping          |     1 |       ||     1
         Held in net/web   |       |     1 ||     1
 Armour: Leather armour    |     8 |     3 ||    11
  Dodge: Dodged            |    28 |    58 ||    86

Table legend: (Time is in decaauts)
 A = Elapsed time spent in this place.
 B = Non-inter-level travel time spent in this place.
 C = Inter-level travel time spent in this place.
 D = Time resting spent in this place.
 E = Time spent auto-exploring this place.
 F = Levels seen in this place.
 G = Mean time per level.
                   A        B        C        D        E       F      G
               +--------+--------+--------+--------+--------+-----+--------+
         Total |   2559 |   2527 |     32 |      0 |   1889 |   4 |  639.8 |
       Dungeon |   2559 |   2527 |     32 |      0 |   1889 |   4 |  639.8 |
               +--------+--------+--------+--------+--------+-----+--------+

Top non-repeatable levels by time:
     D:4: 676 daAuts
     D:3: 647 daAuts
     D:1: 621 daAuts
     D:2: 613 daAuts
